 Dungeon Crawl Stone Soup version 0.26-a0-70-g31f1466007 (webtiles) character file.

Game seed: 12713990180796347830

(classic levelgen) 1585 Amnesiac the Cleaver (level 8, 0/61 HPs)
             Began as a Centaur Gladiator on June 4, 2020.
             Was a Believer of Okawaru.
             Killed by nerve-wracking pain
             ... invoked by an orc priest
              (11 damage)
             ... on level 6 of the Dungeon on June 14, 2020.
             The game lasted 00:13:01 (5281 turns).

Amnesiac the Cleaver (Centaur Gladiator)            Turns: 5281, Time: 00:13:01

Health: 0/61       AC: 10    Str: 19    XL:     8   Next: 61%
Magic:  10/10      EV:  9    Int:  7    God:    Okawaru [**....]
Gold:   414        SH:  0    Dex: 11    Spells: 7/7 levels left

rFire    . . .     SeeInvis .   a - +0 war axe
rCold    + . .     Gourm    .   (no shield)
rNeg     . . .     Faith    +   o - +2 ring mail {rPois}
rPois    +         Spirit   .   c - +0 helmet
rElec    .         Reflect  .   w - +0 cloak
rCorr    .         Harm     .   r - +0 pair of gloves
MR       .....                  (no barding)
Stlth    ..........             t - amulet of faith
HPRegen  0.20/turn              k - ring of protection from cold
MPRegen  0.12/turn              (no ring)

@: very quick
A: large, hooves 3, deformed body, speed 2, tough skin 3
a: Heroism, Renounce Religion


You were on level 6 of the Dungeon.
You worshipped Okawaru.
Okawaru was pleased with you.
You were not hungry.

You visited 2 branches of the dungeon, and saw 7 of its levels.
You also visited: Ossuary.

You collected 414 gold pieces.

Inventory:

Hand Weapons
 a - a +0 war axe (weapon)
 b - a +0 hunting sling
Missiles
 d - 5 throwing nets
 g - 57 sling bullets
 p - 4 javelins
 q - 202 stones
 x - 6 poisoned darts
 I - 5 boomerangs (quivered)
 K - 8 datura-tipped darts
Armour
 c - a +0 helmet (worn)
 o - a +2 ring mail of poison resistance (worn)
 r - a +0 pair of gloves (worn)
 w - a +0 cloak (worn)
Jewellery
 k - a ring of protection from cold (left hand)
 t - an amulet of faith (around neck)
 F - an uncursed ring of flight {unknown}
Wands
 u - a wand of enslavement (6)
 v - a wand of flame (6)
 A - a wand of iceblast (4)
 H - a wand of random effects (22)
Scrolls
 j - 8 scrolls of remove curse {!r, unknown}
 s - 3 scrolls of noise {!r, unknown}
 y - 4 scrolls of teleportation {!r, unknown}
 z - a scroll of enchant armour {!r}
 B - a scroll of blinking {!r}
 G - 2 scrolls of identify {!r}
Potions
 e - 2 potions of lignification {!q}
 h - a potion of heal wounds {!q}
 i - a potion of mutation {!q, unknown}
 l - 3 potions of invisibility {!q}
 m - 2 potions of ambrosia {!q, unknown}
 n - 6 potions of curing {!q}
 C - 2 potions of resistance {!q, unknown}
 D - 2 potions of stabbing {!q, unknown}
 E - a potion of magic {!q, unknown}
 J - a potion of brilliance {!q, unknown}
Comestibles
 f - 13 rations


   Skills:
 - Level 2.0 Fighting
 * Level 8.0 Axes
 + Level 6.4 Throwing
 - Level 2.1 Dodging
 + Level 2.8 Invocations
 - Level 3.0 Evocations


You had 7 spell levels left.
You didn't know any spells.
Your spell library was empty.

Dungeon Overview and Level Annotations

Branches:
Dungeon (6/15)             Temple (1/1) D:5         Ossuary (visited)

Altars:
Ashenzari
Cheibriados
Dithmenos
Elyvilon
Fedhas
Gozag
Hepliaklqana
Kikubaaqudgha
Makhleb
Nemelex Xobeh
Okawaru
Qazlal
Ru
Sif Muna
Trog
Uskayaw
Vehumet
Wu Jian
Xom
Yredelemnul
Zin
The Shining One
Beogh

Annotations:
D:6 sobakacece's ghost, novice SpEn


Innate Abilities, Weirdness & Mutations

You have hooves in place of feet.
Armour fits poorly on your strangely shaped body.
You cover ground very quickly.
You have extremely tough skin. (AC +3)


Message History

You throw a boomerang.
The boomerang closely misses the orc warrior.
Throwing (i - inventory. (/) - cycle)
I - 6 boomerangs (quivered)
Press: ? - help, Shift-Dir - straight line, f/p - orc warrior
Aim: an orc warrior, wielding the +8 quarterstaff "Huburu Yreor" {vorpal, rPois} and wearing a +2 plate armour (severely wounded)
You throw a boomerang.
The boomerang hits the orc warrior but does no damage.
The orc warrior is severely wounded.
Throwing (i - inventory. (/) - cycle)
I - 5 boomerangs (quivered)
Press: ? - help, Shift-Dir - straight line, f/p - orc warrior
Aim: an orc warrior, wielding the +8 quarterstaff "Huburu Yreor" {vorpal, rPois} and wearing a +2 plate armour (severely wounded)
You throw a boomerang.
The boomerang closely misses the orc warrior.
Throwing (i - inventory. (/) - cycle)
I - 5 boomerangs (quivered)
Press: ? - help, Shift-Dir - straight line, f/p - orc warrior
Aim: an orc warrior, wielding the +8 quarterstaff "Huburu Yreor" {vorpal, rPois} and wearing a +2 plate armour (severely wounded)
You throw a boomerang. The boomerang hits the orc warrior.
The orc warrior is almost dead.
Things that are here:
a +1 short sword of venom; a +0 plate armour Throwing (i - inventory. (/) - cycle)
I - 5 boomerangs (quivered)
Press: ? - help, Shift-Dir - straight line, f/p - orc warrior
Aim: an orc warrior, wielding the +8 quarterstaff "Huburu Yreor" {vorpal, rPois} and wearing a +2 plate armour (severely wounded)
You throw a boomerang.
The boomerang barely misses the orc warrior.
Throwing (i - inventory. (/) - cycle)
I - 5 boomerangs (quivered)
Press: ? - help, Shift-Dir - straight line, f/p - orc warrior
Aim: an orc warrior, wielding the +8 quarterstaff "Huburu Yreor" {vorpal, rPois} and wearing a +2 plate armour (severely wounded)
You throw a boomerang.
The boomerang barely misses the orc warrior.
Throwing (i - inventory. (/) - cycle)
I - 5 boomerangs (quivered)
Press: ? - help, Shift-Dir - straight line, f/p - orc warrior
Aim: an orc warrior, wielding the +8 quarterstaff "Huburu Yreor" {vorpal, rPois} and wearing a +2 plate armour (severely wounded)
You throw a boomerang.
The boomerang closely misses the orc warrior.
Throwing (i - inventory. (/) - cycle)
I - 5 boomerangs (quivered)
Press: ? - help, Shift-Dir - straight line, f/p - orc warrior
Aim: an orc warrior, wielding the +8 quarterstaff "Huburu Yreor" {vorpal, rPois} and wearing a +2 plate armour (severely wounded)
You throw a boomerang.
The boomerang hits the orc warrior but does no damage.
The orc warrior is severely wounded.
The orc warrior cheers loudly.
Throwing (i - inventory. (/) - cycle)
I - 5 boomerangs (quivered)
Press: ? - help, Shift-Dir - straight line, f/p - orc warrior
Aim: an orc warrior, wielding the +8 quarterstaff "Huburu Yreor" {vorpal, rPois} and wearing a +2 plate armour (severely wounded)
You throw a boomerang.
The boomerang hits the orc warrior but does no damage.
The orc warrior is severely wounded.
Throwing (i - inventory. (/) - cycle)
I - 5 boomerangs (quivered)
Press: ? - help, Shift-Dir - straight line, f/p - orc warrior
Aim: an orc warrior, wielding the +8 quarterstaff "Huburu Yreor" {vorpal, rPois} and wearing a +2 plate armour (severely wounded)
You throw a boomerang.
The boomerang closely misses the orc warrior.
All of the chunks of flesh in your inventory have rotted away.
The orc warrior hits you with the +8 quarterstaff "Huburu Yreor" {vorpal, rPois}!!
* * * LOW HITPOINT WARNING * * *
x2 The orc priest shouts!
The orc priest looks encouraged for a moment.
The orc priest mumbles some strange prayers to Beogh against you.
Pain shoots through your body!
* * * LOW HITPOINT WARNING * * *
The orc priest invokes the aid of Beogh against you.
Pain shoots through your body!
You die...

## #.......#............#..# .#
#.......####..#.#.......# .#
#.......#.........##.##.####
.#####.......#.#####>#.##.##.....
.............#.# #.#.##.#######
#.#####....#.#.# #(#o##.#######
..#####....#.#.# #.#.##........
.....##....#.#.#####(#.##########
.....##....#....@..o.o...........
.<...##)...#.......#)#.#.........
.)...#####.#.....))..............
..########.#.......#.#.#.........
.........#.##....[(#.#.#.........
.#######.#.##....o.#.#.#.........
..(......#.#.......#.#.#.........
.#########.#.......#.#.#.###.....
...........#.......#.#.#.# #.....


You could see an orc warrior, an orc priest and an orc.

Vanquished Creatures
  Pikel (D:5)
  A slave (D:5)
  A black bear (D:6)
  A phantom (D:5)
  2 orc warriors (D:6)
  A centaur (D:5)
  4 bullfrogs (D:6)
  A water moccasin zombie (Ossuary)
  A crimson imp (D:5)
  A bullfrog skeleton (D:5)
  2 orc priests
  An iguana (D:4)
  An orc wizard (D:5)
  3 worker ants
  3 big kobold zombies (Ossuary)
  A hound skeleton (D:6)
  3 mummies
  10 adders
  7 gnolls
  2 adder skeletons
  2 adder zombies (Ossuary)
  3 worms
  A dart slug (D:1)
  2 leopard geckos
  10 orcs
  10 bats
  6 giant cockroaches
  8 goblins
  9 hobgoblins
  14 jackals
  8 kobolds
  2 quokkas
  A ball python skeleton (D:4)
  9 frilled lizards
  2 gnoll zombies (Ossuary)
  6 hobgoblin zombies (Ossuary)
  8 kobold zombies (Ossuary)
  2 orc zombies (Ossuary)
  6 rats
156 creatures vanquished.

Vanquished Creatures (collateral kills)
  2 slaves (D:5)
2 creatures vanquished.

Vanquished Creatures (others)
  A slave (D:5)
1 creature vanquished.

Grand Total: 159 creatures vanquished

Notes
Turn   | Place    | Note
-------+----------+-------------------------------------------
     0 | D:1      | Amnesiac the Centaur Gladiator began the quest for the Orb.
     0 | D:1      | Reached XP level 1. HP: 17/17 MP: 1/1
     0 | D:1      | Upgraded the game from 0.26-a0-30-g56b8cd3df0 to
                  | 0.26-a0-67-g850bfe61e3
     0 | D:1      | Upgraded the game from 0.26-a0-67-g850bfe61e3 to
                  | 0.26-a0-70-g31f1466007
    59 | D:1      | Reached skill level 3 in Axes
    60 | D:1      | You fall into a shaft and drop 1 floor!
    62 | D:2      | Found a white marble altar of Elyvilon.
    73 | D:2      | Noticed a worker ant
   219 | D:1      | Reached XP level 2. HP: 11/24 MP: 2/2
   847 | D:2      | Reached XP level 3. HP: 29/29 MP: 3/3
  1031 | D:2      | Reached skill level 4 in Axes
  1031 | D:2      | Reached XP level 4. HP: 30/36 MP: 4/4
  1906 | D:3      | Reached XP level 5. HP: 41/41 MP: 5/5
  2020 | D:3      | Reached skill level 5 in Axes
  2467 | D:4      | Found a glowing golden altar of the Shining One.
  2499 | D:4      | Found a bloodstained altar of Trog.
  2500 | D:4      | Found a sacrificial altar of Ru.
  2542 | D:4      | Reached XP level 6. HP: 47/48 MP: 6/6
  2763 | D:4      | Found a sand-covered staircase.
  2775 | Ossuary  | Entered an ossuary
  2889 | Ossuary  | Reached skill level 1 in Evocations
  3125 | D:5      | Entered Level 5 of the Dungeon
  3218 | D:5      | Reached skill level 6 in Axes
  3224 | D:5      | Reached XP level 7. HP: 22/55 MP: 8/8
  3226 | D:5      | Found a staircase to the Ecumenical Temple.
  3234 | Temple   | Entered the Ecumenical Temple
  3520 | Temple   | Became a worshipper of Warmaster Okawaru
  3703 | D:5      | Noticed Pikel
  3741 | D:5      | Killed Pikel
  3741 | D:5      | Reached * piety under Okawaru
  3741 | D:5      | Reached skill level 5 in Throwing
  4254 | D:6      | Reached skill level 7 in Axes
  4307 | D:6      | Reached XP level 8. HP: 46/61 MP: 10/10
  4310 | D:6      | Reached ** piety under Okawaru
  4347 | D:6      | Reached skill level 1 in Invocations
  4829 | D:6      | Found a snail-covered altar of Cheibriados.
  5060 | D:6      | Found a runed translucent gate.
  5060 | D:6      | Noticed sobakacece's ghost (novice SpEn)
  5061 | D:6      | Found a runed translucent gate.
  5062 | D:6      | Found a roughly hewn altar of Beogh.
  5062 | D:6      | Found a runed translucent gate.
  5065 | D:6      | Identified the +8 quarterstaff "Huburu Yreor" {vorpal,
                  | rPois}
  5152 | D:6      | Reached skill level 8 in Axes
  5281 | D:6      | Killed from afar by an orc priest

Illustrated notes

Levels and vault maps discovered:
D:1:      tarquinn_simple_flora_water_e, layout_basic
D:2:      layout_loops_ring, lemuel_crystal_altar, bh_walls_and_bars
D:3:      layout_rooms
D:4:      layout_basic, old_standard_altar, gammafunk_temple_overflow_wave,
          gup_ossuary_entry_pyramid, first_ration, minmay_misc_feat_roman
D:5:      layout_loops_ring, minmay_temple_entry_arrows, chequers_arboretum,
          uniq_pikel
D:6:      layout_basic, biasface_ghost_orc_armoury, cheibriados_altar_1
Temple:   dpeg_five_rooms_temple

Skill      XL: |  1  2  3  4  5  6  7  8 |
---------------+-------------------------+-----
Axes           | 3 4 5 6 7 8 |  8.0
Throwing       | 3 4 5 6 |  6.4
Evocations     | 1 3 |  3.0
Invocations    | 2 |  2.8
Fighting       | |  2.0
Dodging        | |  2.1

Action                   |  1- 3 |  4- 6 |  7- 9 || total
-------------------------+-------+-------+-------++-------
Melee: War axe           |    64 |   258 |   109 ||   431
       Kick              |    11 |    64 |    28 ||   103
Throw: Throwing net      |       |     2 |       ||     2
       Boomerang         |       |       |    28 ||    28
       Dart              |       |       |    15 ||    15
Evoke: Wand              |       |       |     2 ||     2
  Use: Scroll            |       |     7 |       ||     7
       Potion            |       |     1 |     1 ||     2
 Stab: Held in net/web   |       |     1 |       ||     1
  Eat: Chunk             |       |     6 |     5 ||    11
Armor: Leather armour    |    13 |       |       ||    13
       Ring mail         |    19 |   124 |    67 ||   210
Dodge: Dodged            |    40 |   116 |    49 ||   205

Table legend:
 A = Non-vault XP
 B = Vault XP
 C = Vault XP percentage of total XP
 D = Non-vault monster count
 E = Vault monster count
 F = Vault count percentage of total count
                 A         B        C        D         E       F
            +---------+---------+-------+---------+---------+-------
      Total |    1631 |     634 |  28.0 |     125 |      30 |  19.4
            +---------+---------+-------+---------+---------+-------
        D:1 |      29 |       0 |   0.0 |      15 |       0 |   0.0
        D:2 |     136 |       0 |   0.0 |      31 |       0 |   0.0
        D:3 |     117 |       0 |   0.0 |      26 |       0 |   0.0
        D:4 |     145 |      18 |  11.0 |      20 |       1 |   4.8
        D:5 |     423 |     263 |  38.3 |      12 |       1 |   7.7
        D:6 |     781 |     132 |  14.5 |      21 |       2 |   8.7
    Ossuary |       0 |     221 | 100.0 |       0 |      26 | 100.0
            +---------+---------+-------+---------+---------+-------
